AoeStats
← 1822955401

Arena

510512950Analyzed
4v4 RM · 2d ago on Oct 1, 2026· 48m 3s· 8 players
Game mode
Random Map
Map size
Large (8 player)
Population
200
Speed
Normal
Resources
Standard
Victory
Conquest
Starting age
Dark Age
Ending age
Imperial Age
RankedLock teamsTeams togetherTeam positionsShared explorationLock speedFull tech treeHidden civsTurbo modeCheats
Victory
Defeat
🇧🇷 Varangians · Brazil
1091
+11
🇭🇰 Magyars · Hong Kong SAR China
1079
+11
🇨🇳 Vietnamese · China
839
+22
🇨🇳 Franks · China
741
+25
🇨🇳 Britons · China
983
-51
🇨🇳 Khmer · China
959
-17
🇷🇺 Cumans · Russia
952
-17
🇦🇺 Mongols · Australia
952
-17
Gametofit
8:51 Feudal Age
9:53 Double-Bit Axe
9:50 Horse Collar
11:56 Loom
17:26 Wheelbarrow
22:05 Castle Age
20:28 Forging
21:27 Bloodlines
21:31 Scale Barding Armor
23:37 Pikeman
23:49 Light Cavalry
26:07 Ballistics
26:00 Gold Mining
26:01 Stone Mining
27:06 Bow Saw
27:07 Heavy Plow
33:02 Imperial Age
30:50 Hand Cart
31:14 Gold Shaft Mining
32:57 Iron Casting
33:05 Cavalier
35:05 Hussar
38:33 Blast Furnace
37:55 Chain Barding Armor
38:10 Crop Rotation
38:43 Two-Man Saw
38:25 Fletching
40:19 Chemistry
39:55 Elite Kipchak
41:25 Conscription
PapaHewy
11:16 Feudal Age
12:06 Horse Collar
12:14 Double-Bit Axe
20:06 Castle Age
18:50 Fletching
20:24 Gold Mining
21:11 Heavy Plow
21:24 Bow Saw
23:44 Bodkin Arrow
25:09 Wheelbarrow
25:30 Bloodlines
25:28 Husbandry
25:30 Pikeman
26:12 Squires
28:22 Stone Mining
32:04 Imperial Age
31:16 Loom
31:52 Hand Cart
34:36 Chemistry
34:15 Bracer
34:26 Forging
34:18 Scale Mail Armor
34:26 Scale Barding Armor
35:22 Heavy Camel Rider
36:42 Iron Casting
36:39 Conscription
38:46 Gold Shaft Mining
1822955401
5:49 Loom
16:09 Feudal Age
16:44 Town Watch
24:22 Wheelbarrow
29:48 Castle Age
32:20 Hand Cart
32:21 Gambesons
32:37 Squires
32:02 Pikeman
32:04 Man-at-Arms
33:23 Town Patrol
36:49 Crossbowman
37:43 Long Swordsman
45:57 Imperial Age
電動遊戯
10:32 Feudal Age
13:49 Castle Age
12:17 Double-Bit Axe
12:14 Horse Collar
14:28 Loom
15:54 Fervor
16:02 Bow Saw
16:50 Fervor
28:43 Stone Mining
30:20 Wheelbarrow
30:59 Stone Shaft Mining
30:34 Pikeman
30:59 Arson
31:32 Forging
31:22 Scale Mail Armor
31:50 Hand Cart
34:59 Imperial Age
33:06 Fletching
33:22 Scale Barding Armor
33:52 Iron Casting
33:32 Chain Mail Armor
33:30 Fortified Wall
33:18 Town Watch
33:56 Bodkin Arrow
34:16 Bloodlines
34:06 Husbandry
34:16 Bloodlines
35:46 Chain Barding Armor
36:14 Conscription
35:16 Elite Ballista Elephant
35:58 Double Crossbow
37:05 Blast Furnace
36:33 Ballistics
37:22 Light Cavalry
39:21 Halberdier
tony.li
10:13 Feudal Age
13:49 Castle Age
11:58 Double-Bit Axe
12:13 Horse Collar
17:18 Bow Saw
21:42 Wheelbarrow
20:58 Loom
22:10 Heavy Plow
22:59 Hand Cart
22:41 Town Watch
27:59 Forging
27:55 Scale Barding Armor
28:05 Fletching
28:16 Padded Archer Armor
29:19 Iron Casting
28:53 Scale Mail Armor
31:58 Imperial Age
29:32 Arson
29:33 Gambesons
29:49 Squires
30:59 Squires
31:20 Chain Mail Armor
32:10 Gold Mining
32:11 Stone Mining
32:31 Scale Barding Armor
32:39 Elite Varangian Guard
33:41 Guilds
35:00 Stone Shaft Mining
34:21 Treadmill Crane
35:03 Ballistics
35:46 Chemistry
35:49 Blast Furnace
35:19 Plate Mail Armor
34:32 Gothikon
36:37 Plate Mail Armor
38:25 Chain Barding Armor
37:56 Fletching
40:51 Two-Man Saw
41:02 Bodkin Arrow
41:08 Padded Archer Armor
41:43 Plate Barding Armor
43:16 Siege Engineers
43:07 Murder Holes
43:24 Fortified Wall
45:46 Herbal Medicine
45:53 Herbal Medicine
无语
10:17 Feudal Age
11:24 Double-Bit Axe
14:14 Castle Age
12:18 Horse Collar
15:37 Bow Saw
15:29 Heavy Plow
18:37 Wheelbarrow
21:36 Hand Cart
23:54 Stone Mining
23:58 Gold Mining
25:33 Town Watch
27:33 Stone Shaft Mining
26:44 Loom
30:00 Imperial Age
27:17 Loom
27:32 Town Patrol
30:05 Treadmill Crane
30:46 Ballistics
30:29 Padded Archer Armor
30:19 Fletching
30:36 Squires
30:21 Arson
30:09 Pikeman
30:54 Scale Mail Armor
31:05 Forging
32:18 Two-Man Saw
31:51 Crop Rotation
32:24 Chemistry
31:30 Siege Engineers
31:52 Halberdier
33:08 Paper Money
33:23 Chain Mail Armor
33:05 Bodkin Arrow
33:25 Leather Archer Armor
33:46 Iron Casting
33:37 Elite Rattan Archer
37:46 Plate Mail Armor
37:46 Ring Archer Armor
37:17 Bracer
37:25 Thumb Ring
38:12 Coinage
39:52 Banking
39:45 Fortified Wall
39:21 Arrowslits
39:47 Masonry
39:49 Careening
39:38 Murder Holes
41:56 Hoardings
46:21 Scale Barding Armor
48:04 Spies/Treason
goodluckming
11:11 Feudal Age
12:00 Double-Bit Axe
15:09 Castle Age
13:18 Horse Collar
17:29 Bow Saw
21:59 Gold Mining
22:41 Loom
25:06 Wheelbarrow
29:10 Imperial Age
27:37 Hand Cart
27:14 Fletching
27:24 Padded Archer Armor
28:18 Treadmill Crane
28:59 Ballistics
28:40 Padded Archer Armor
28:36 Bodkin Arrow
29:22 Masonry
29:48 Leather Archer Armor
29:57 Thumb Ring
30:17 Conscription
30:14 Bracer
30:42 Parthian Tactics
29:55 Heavy Cavalry Archer
31:34 Gold Shaft Mining
30:50 Stone Mining
32:20 Two-Man Saw
31:41 Bloodlines
31:31 Husbandry
32:36 Ring Archer Armor
32:20 Recurve Bow
33:03 Heavy Plow
33:00 Elite Skirmisher
34:19 Scale Barding Armor
34:52 Hoardings
34:33 Masonry
34:29 Siege Engineers
34:08 Imperial Skirmisher
36:09 Corvinian Army
37:11 Chain Barding Armor
37:54 Chemistry
38:04 Crop Rotation
38:31 Husbandry
39:53 Caravan
40:29 Elite Magyar Huszar
42:33 Coinage
44:51 Plate Barding Armor
45:13 Capped Ram
觅桃豚
10:22 Feudal Age
12:31 Double-Bit Axe
15:32 Castle Age
16:39 Wheelbarrow
17:52 Bow Saw
28:00 Scale Barding Armor
28:06 Forging
27:50 Gold Mining
27:50 Stone Mining
27:47 Treadmill Crane
31:04 Imperial Age
28:20 Loom
28:51 Hand Cart
28:21 Town Watch
29:08 Fortified Wall
29:41 Chain Barding Armor
30:22 Gold Shaft Mining
30:25 Iron Casting
30:35 Husbandry
30:02 Light Cavalry
31:08 Cavalier
32:36 Plate Barding Armor
32:28 Conscription
33:17 Blast Furnace
35:04 Fletching
35:13 Paladin
37:12 Hoardings
36:09 Light Cavalry
37:13 Ballistics
37:54 Chemistry
44:10 Bodkin Arrow
46:29 Caravan
47:00 Coinage
Connection lost

Rejoining the realm…

Still unreachable

The connection could not be restored.

Session expired

The server has moved on; the page needs a fresh start.